 Dungeon Sprint DCSS version 0.28-a0-1382-g92835e5c71 (webtiles) character file.

Game seed: 3304606213321289805

3218 jt the Severer (level 9, -1/129 HPs)
             Began as a Palentonga Fighter on Jan 1, 2022.
             Was a Follower of Jiyva.
             Killed from afar by a crystal guardian (9 damage)
             ... with a crystal bolt
             ... in the Dungeon (Sprint II: "The Violet Keep of Menkaure").
             The game lasted 00:08:47 (1055 turns).

jt the Severer (Palentonga Fighter)                 Turns: 1055, Time: 00:08:47

Health: -1/129     AC: 24    Str: 22 (24) XL:     9   Next: 65%
Magic:  9/9        EV:  1    Int:  7 (8)  God:    Jiyva [*.....]
Gold:   296        SH: 13    Dex:  9 (10) Spells: 8/8 levels left

rFire   + . .      SeeInvis +   a - +2 war axe (vorpal)
rCold   + . .      Faith    .   i - +3 kite shield of Mafamyxt {Regen+}
rNeg    . . .      Spirit   .   (armour currently unavailable)
rPois   +          Reflect  .   (helmet currently unavailable)
rElec   +          Harm     .   (cloak currently unavailable)
rCorr   +          Rampage  .   (gloves currently unavailable)
Will    .....      NoTele   +   (no barding)
Stlth   +.........              (no amulet)
HPRegen 1.91/turn               (no ring)
MPRegen 0.36/turn               (no ring)

@: mighty, tree-form, resistant, attractive, hasted and slowed
A: stationary, stasis, torment immunity, boosted hp, large, rugged brown scales
3, see invisible, (deformed body), (roll 1), (armoured tail), (reflexive curl)
a: Renounce Religion


You were in the Dungeon.
You worshipped Jiyva.
Jiyva was aware of your devotion.
You were a tree.
You visited 1 branch You collected 821 gold pieces.
You spent 525 gold pieces at shops.

Inventory:

Hand Weapons
 a - a +2 vorpal war axe (weapon)
 l - a +0 war axe
 m - a +0 arbalest
Missiles
 n - 27 bolts
Armour
 b - a +0 scale mail (melded)
 c - a +0 buckler
 i - the +3 kite shield of Mafamyxt (worn) {Regen+}
   (You bought it in a shop in the Dungeon)

   Regen:     It increases your rate of health regeneration.
 t - a +1 cloak (melded)
Scrolls
 j - a scroll of blinking
 o - a scroll of magic mapping {unknown}
 q - 3 scrolls of identify {unknown}
 s - a scroll of amnesia {unknown}
Potions
 h - 3 potions of magic
 k - a potion of lignification
 p - a potion of attraction


   Skills:
 + Level 11.3 Fighting
 - Level 16.0 Axes
 - Level 5.0 Armour
 - Level 2.0 Dodging
 - Level 9.0 Shields


You had 8 spell levels left.
You didn't know any spells.
Your spell library was empty.

Dungeon Overview and Level Annotations

Branches:
Dungeon (1/1)

Altars:
Cheibriados
Dithmenos
Elyvilon
Fedhas
Gozag
Hepliaklqana
Kikubaaqudgha
Makhleb
Nemelex Xobeh
Okawaru
Qazlal
Ru
Sif Muna
Trog
Uskayaw
Vehumet
Wu Jian
Xom
Yredelemnul
Zin
The Shining One
Beogh
Jiyva
Lugonu

Shops:
D [?:[:==!([!!=((

Annotations:
D exclusion: oklob plant, Roxanne


Innate Abilities, Weirdness & Mutations

You are a tree.
Your roots penetrate the ground, keeping you stationary.
You cannot be teleported.
You are immune to unholy pain and torment.
Your maximum health is greatly increased.
Your equipment is partially melded.
(You are completely covered in rugged brown scales. (AC +3, +7% HP))
You have supernaturally acute eyesight. (SInv)
((Armour fits poorly on your strangely shaped body.))
((You can roll at nearby foes to attack.))
((You have a long armoured tail.))
((You curl defensively after being hit. (AC +7*)))


Message History

You block the death drake's attack. The death drake bites you.
* * * LOW HITPOINT WARNING * * *
The crystal guardian hits you but does no damage.
The swamp drake is engulfed in dark miasma.
You block the death drake's attack.
You hit the crystal guardian but do no damage.
The crystal guardian is moderately damaged.
You barely miss the death drake. You closely miss the death drake.
You are engulfed in dark miasma.
You feel as though you will be slow longer.
* * * LOW HITPOINT WARNING * * *
You block the death drake's attack.
The crystal guardian hits you but does no damage.
The swamp drake is engulfed in dark miasma.
The swamp drake seems to slow down.
The death drake breathes miasma at you. The foul vapour engulfs you!
* * * LOW HITPOINT WARNING * * *
Press: ? - help, v - describe, . - travel
Here: a death drake (foul pestilence, moderately wounded, catching its breath)
A net trap.
You hit the crystal guardian but do no damage.
The crystal guardian is moderately damaged.
You closely miss the death drake. x2; You are engulfed in dark miasma.
You feel as though you will be slow longer.
* * * LOW HITPOINT WARNING * * *
The death drake bites you but does no damage.
You block the death drake's attack.
Press: ? - help, v - describe, . - travel
Here: a death drake (moderately wounded, catching its breath)
A net trap.
You feel much better.
You are engulfed in dark miasma.
You feel as though you will be slow longer.
* * * LOW HITPOINT WARNING * * *
You block the death drake's attack.
The crystal guardian fires a crystalline bolt at you.
The crystal bolt burns you! You resist.
* * * LOW HITPOINT WARNING * * *
The crystal bolt burns you! You resist.
You die...

++ #+++ #[=▓▓▓▓▓▓▓▓▓▓▓ .. .... .^
.#○=▓JJJJ....▓▓ .##+##.. #.
.#[=▓JJ......▓▓ ##.#.##.####
+^##.#}[▓JJJ.....▓▓ #..#..# ...#
...####▓JJ......▓▓ ##...####..##
#..##.#▓.J......▓▓ ###'###.##..#
+k.#..#▓.J......▓▓ .##.###..#..#
#k9#..#▓........▓▓
#'.<.'.##'..####♣k##.#▓........▓▓
.##.###..#....###.^.##▓▓▓▓▓▓▓'▓▓▓
# #+# #.##......≈≈≈≈≈≈≈≈≈≈≈§≈...§
#


B#B ###§≈§....≈#'########'###.§ #.. ..#≈≈≈≈≈≈≈..≈#....._..#≈≈≈##≈ ##$
.##≈≈§§§§≈≈.≈#...._._.#≈§≈§## ≈## ##≈≈≈≈§≈§≈≈≈≈#..._._._#§≈≈≈≈# ≈≈≈
≈≈≈≈≈≈§§§≈≈≈≈#.._._._.#≈≈§≈≈≈ ++#'''#≈≈§≈§≈≈§≈#._._._._#≈≈≈≈≈≈ You could see 2
death drakes, a crystal guardian and a swamp drake (poisoned, slow).

Vanquished Creatures
  A kraken (D)
  A yaktaur (D)
  3 polar bears (D)
  A blink frog (D)
  A hornet (D)
  5 water moccasins (D)
  4 necrophages (D)
  4 scorpions (D)
  3 worms (D)
  3 tentacles (D)
26 creatures vanquished.

Vanquished Creatures (others)
  An eye of devastation (D)
  A harpy (D)
  2 cane toads (D)
  2 unseen horrors (D)
  2 slime creatures (D)
  2 redbacks (D)
  Menkaure (D)
  A swamp drake (D)
  8 jellies (D)
  A spectral adder (D)
  A spectral quokka (D)
  32 tentacles (D)
54 creatures vanquished.

Grand Total: 80 creatures vanquished

Notes
Turn   | Place    | Note
-------+----------+-------------------------------------------
     0 | D        | jt the Palentonga Fighter began the quest for the Orb.
     0 | D        | Reached XP level 1. HP: 19/19 MP: 1/1
     1 | D        | Noticed a necrophage
     1 | D        | Noticed a necrophage
     1 | D        | Noticed a necrophage
     1 | D        | Noticed a necrophage
     5 | D        | Killed a necrophage
     6 | D        | Reached skill level 8 in Axes
     6 | D        | Reached XP level 2. HP: 25/25 MP: 2/2
     6 | D        | Reached XP level 3. HP: 31/31 MP: 3/3
     6 | D        | Reached XP level 4. HP: 37/37 MP: 4/4
    10 | D        | Killed a necrophage
    11 | D        | Reached skill level 5 in Fighting
    11 | D        | Reached skill level 10 in Axes
    11 | D        | Reached XP level 5. HP: 48/48 MP: 5/5
    15 | D        | Killed a necrophage
    16 | D        | Reached skill level 11 in Axes
    26 | D        | Killed a necrophage
    27 | D        | Reached skill level 12 in Axes
    27 | D        | Reached XP level 6. HP: 24/54 MP: 6/6
    92 | D        | Killed Menkaure
   285 | D        | Found Duun's Jewellery Shoppe.
   285 | D        | Found Eggomoku's Antique Weapon Shoppe.
   285 | D        | Found Punong's Distillery.
   285 | D        | Found Nisoepto's Distillery.
   285 | D        | Found Rauj's Weapon Shoppe.
   285 | D        | Found Raetob's Antique Armour Shoppe.
   286 | D        | Found Ruafats's Distillery.
   286 | D        | Found Catox's Jewellery Emporium.
   287 | D        | Found Xulon's Jewellery Shoppe.
   287 | D        | Found Dasyf's Book Emporium.
   287 | D        | Noticed a wyvern
   288 | D        | Found Faimaycesa's Antique Weapon Emporium.
   288 | D        | Noticed a wyvern
   289 | D        | Found Hifac's Antique Armour Shoppe.
   289 | D        | Noticed a water moccasin
   289 | D        | Noticed an oklob plant
   289 | D        | Noticed an ice dragon
   290 | D        | Found Zuycrauf's Antique Armour Emporium.
   290 | D        | Found Nasaco Akomm's Magic Scroll Shoppe.
   290 | D        | Found Xinledd's Book Shoppe.
   305 | D        | Noticed a fire dragon
   309 | D        | Bought a translucent kite shield for 161 gold pieces
   309 | D        | Identified the +3 kite shield of Mafamyxt {Regen+} (You
                  | bought it in a shop in the Dungeon)
   333 | D        | Killed a water moccasin
   334 | D        | Reached skill level 13 in Axes
   345 | D        | Noticed a blink frog
   381 | D        | Killed a blink frog
   382 | D        | Reached skill level 5 in Shields
   382 | D        | Gained mutation: You curl defensively after being hit. (AC
                  | +7*) [Palentonga growth]
   382 | D        | Reached XP level 7. HP: 47/59 MP: 7/7
   395 | D        | Bought a potion of heal wounds for 60 gold pieces
   395 | D        | Bought a potion of heal wounds for 60 gold pieces
   395 | D        | Bought 2 potions of lignification for 72 gold pieces
   419 | D        | Reached skill level 14 in Axes
   486 | D        | Bought a +2 vorpal war axe for 172 gold pieces
   500 | D        | Noticed a boulder beetle
   500 | D        | Noticed a boulder beetle
   511 | D        | Found a blossoming altar of Fedhas.
   512 | D        | Found a white marble altar of Elyvilon.
   512 | D        | Found an opulent altar of Gozag.
   512 | D        | Found a burning altar of Makhleb.
   513 | D        | Found a shadowy altar of Dithmenos.
   513 | D        | Found a corrupted altar of Lugonu.
   514 | D        | Found a snail-covered altar of Cheibriados.
   514 | D        | Found an ancient bone altar of Kikubaaqudgha.
   514 | D        | Found a bloodstained altar of Trog.
   515 | D        | Found a viscous altar of Jiyva.
   515 | D        | Found a shimmering blue altar of Sif Muna.
   515 | D        | Found a sparkling altar of Nemelex Xobeh.
   515 | D        | Found a hide-covered altar of Uskayaw.
   515 | D        | Found a basalt altar of Yredelemnul.
   516 | D        | Noticed a polar bear
   537 | D        | Killed a polar bear
   538 | D        | Reached skill level 15 in Axes
   538 | D        | Reached XP level 8. HP: 64/67 MP: 8/8
   544 | D        | Noticed a yaktaur
   559 | D        | Killed a yaktaur
   578 | D        | Noticed a hornet
   586 | D        | Killed a hornet
   622 | D        | Noticed a polar bear
   638 | D        | Killed a polar bear
   639 | D        | Reached skill level 16 in Axes
   644 | D        | Noticed a polar bear
   665 | D        | Killed a polar bear
   666 | D        | Reached skill level 1 in Dodging
   666 | D        | Reached XP level 9. HP: 64/77 MP: 9/9
   689 | D        | Found a hazy altar of Hepliaklqana.
   689 | D        | Found a sacrificial altar of Ru.
   689 | D        | Found a shimmering altar of Xom.
   690 | D        | Found a stormy altar of Qazlal.
   690 | D        | Found an ornate altar of the Wu Jian Council.
   695 | D        | Found a glowing golden altar of the Shining One.
   696 | D        | Found a radiant altar of Vehumet.
   696 | D        | Found an iron altar of Okawaru.
   696 | D        | Found a glowing silver altar of Zin.
   702 | D        | Became a worshipper of Jiyva Juprinic the Shapeless
   712 | D        | Killed an unseen horror
   713 | D        | Killed a cane toad
   715 | D        | Noticed a kraken
   715 | D        | Killed a cane toad
   731 | D        | Killed an unseen horror
   855 | D        | Killed a harpy
   870 | D        | Reached * piety under Jiyva
   871 | D        | Noticed Roxanne
   885 | D        | Killed an eye of devastation
  1017 | D        | Killed a kraken
  1018 | D        | Reached skill level 5 in Armour
  1042 | D        | Noticed a crystal guardian
  1043 | D        | Noticed a death drake
  1043 | D        | Noticed a death drake
  1050 | D        | HP: 6/129 [death drake (7)]
  1051 | D        | HP: 1/129 [death drake/foul vapour (12)]
  1055 | D        | Killed from afar by a crystal guardian

Illustrated notes

Levels and vault maps discovered:
D:        the_violet_keep_of_menkaure [sprint2_stairs_cluster_1,
          sprint2_shoproom, sprint2_temple, sprint2_basic_supplies,
          sprint2_obstacle_2, sprint2_obstacle_6, sprint2_obstacle_7,
          sprint2_obstacle_4, sprint2_obstacle_3, sprint2_timed_cluster_1,
          sprint2_smallroom_cluster_1, sprint2_smallroom_final_cluster_1,
          sprint2_transparent_cluster_1, sprint2_second_timed_cluster_1,
          sprint2_sniper_area_1, sprint2_heavy_combat_area_1,
          sprint2_mutation_trap_area_1, sprint2_forest_area_1,
          sprint2_light_combat_area_1, sprint2_behind_water_1,
          sprint2_near_end_vault_1]

Skill      XL: |  1  2  3  4  5  6  7  8  9 |
---------------+----------------------------+-----
Axes           | 8 10 12 13 15 16 | 16.0
Fighting       | 5 7 11 | 11.3
Shields        | 5 7 9 |  9.0
Armour         | 3 5 |  5.0
Dodging        | 1 2 |  2.0

Action                   |  1- 3 |  4- 6 |  7- 9 || total
-------------------------+-------+-------+-------++-------
Melee: War axe           |     3 |    48 |   121 ||   172
       Tailslap          |       |     3 |    20 ||    23
 Abil: Rolling Charge    |       |     3 |     7 ||    10
  Use: Potion            |     1 |       |    10 ||    11
Armor: Scale mail        |       |    11 |    27 ||    38
       Skin              |       |       |    10 ||    10
Dodge: Dodged            |       |     7 |    28 ||    35
Block: Buckler           |       |     5 |       ||     5
       Kite shield       |       |     6 |    65 ||    71

Table legend: (Time is in decaauts)
 A = Elapsed time spent in this place.
 B = Non-inter-level travel time spent in this place.
 C = Inter-level travel time spent in this place.
 D = Time resting spent in this place.
 E = Time spent auto-exploring this place.
 F = Levels seen in this place.
 G = Mean time per level.
                   A        B        C        D        E       F      G
               +--------+--------+--------+--------+--------+-----+--------+
         Total |   1113 |   1097 |     16 |    437 |      0 |   1 | 1113.0 |
       Dungeon |   1113 |   1097 |     16 |    437 |      0 |   1 | 1113.0 |
               +--------+--------+--------+--------+--------+-----+--------+

Top non-repeatable levels by time:
       D: 1113 daAuts
